 Dungeon Sprint DCSS version 0.30-a0-123-g91d0c66ccf (webtiles) character file.

Game seed: 14586829882346054408

2918 mhtbhm the Earth Mage (level 9, -5/45 HPs)
             Began as a Gargoyle Earth Elementalist on Sept 17, 2022.
             Was a Priest of Vehumet.
             Slain by an unseen horror (8 damage)
             ... in the Dungeon (Sprint III: "The Ten Rune Challenge").
             The game lasted 00:03:53 (2122 turns).

mhtbhm the Earth Mage (Gargoyle Earth Elementalist) Turns: 2122, Time: 00:03:54

Health: -5/45      AC:  8    Str: 11    XL:     9   Next: 79%
Magic:  19/26      EV: 13    Int: 21    God:    Vehumet [***...]
Gold:   24         SH:  0    Dex: 10    Spells: 20/34 levels left

rFire   . . .      SeeInvis .    m - +0 dagger (venom)
rCold   . . .      Faith    .    (no shield)
rNeg    + . .      Spirit   .    a - +0 robe
rPois   ∞          Reflect  .    (no helmet)
rElec   +          Harm     .    (no cloak)
rCorr   .          Rampage  .    (no gloves)
Will    .....      NoTele   +    (no boots)
Stlth   +++.......               (no amulet)
HPRegen 0.15/turn                (no ring)
MPRegen 0.20/turn                (no ring)

@: no status effects
A: sickness immunity, AC +6, negative energy resistance 1, electricity
resistance, torment resistance 1, petrification resistance
a: Renounce Religion


You were in the Dungeon.
You worshipped Vehumet.
Vehumet was most pleased with you.
You visited 1 branch You collected 24 gold pieces.

Inventory:

Hand Weapons
 m - a +0 dagger of venom (weapon)
Armour
 a - a +0 robe (worn)
Scrolls
 g - a scroll of blinking
 i - a scroll of torment {unknown}
 j - 3 scrolls of identify
 l - a scroll of poison {unknown}
Potions
 b - 2 potions of magic
 f - 2 potions of berserk rage
 h - 4 potions of mutation {unknown}
 k - a potion of flight {unknown}
 n - a potion of might
Miscellaneous
 o - a phantom mirror


   Skills:
 + Level 0.1 Fighting
 + Level 4.9 Dodging
 + Level 6.1 Stealth
 + Level 13.3 Spellcasting
 + Level 4.9 Conjurations
 + Level 2.0 Transmutations
 + Level 16.9 Earth Magic
 + Level 0.7 Evocations


You had 20 spell levels left.
You knew the following spells:

 Your Spells              Type           Power      Damage    Failure   Level
a - Sandblast             Erth           100%       2d20      0%          1
b - Passwall              Tmut/Erth      43%        N/A       1%          2
c - Stone Arrow           Conj/Erth      100%       3d13      1%          3
d - Petrify               Tmut/Erth      52%        N/A       1%          4
e - Sticky Flame          Conj/Fire      24%        2d5       4%          4

Your spell library contained the following spells:

 Spells                   Type           Power      Damage    Failure   Level
 Dazzling Flash           Conj/Hex       48%        N/A       1%          3
 Static Discharge         Conj/Air       48%        2-4/arc   1%          2
 Blink                    Tloc           28%        N/A       7%          2
 Lesser Beckoning         Tloc           14%        N/A       14%         3
 Dispel Undead            Necr           14%        3d10      41%         4
 Manifold Assault         Tloc           14%        N/A       41%         4


Dungeon Overview and Level Annotations

Branches:
Dungeon (1/1)

Altars:
Cheibriados
Dithmenos
Elyvilon
Fedhas
Gozag
Hepliaklqana
Kikubaaqudgha
Makhleb
Nemelex Xobeh
Okawaru
Qazlal
Ru
Sif Muna
Trog
Uskayaw
Vehumet
Wu Jian
Xom
Yredelemnul
Zin
The Shining One
Jiyva
Lugonu


Innate Abilities, Weirdness & Mutations

You are immune to sickness and miasma.
Your stone body is resilient. (AC +6)
You are immune to poison.
You resist negative energy. (rN+)
You are resistant to electric shocks. (rElec)
You are resistant to unholy torment.
You are immune to petrification.


Message History

Unknown command.
You feel better. Something hits you but does no damage.
Casting: Sandblast (safe; 0% risk of failure)
Confirm with . or Enter, or press ? or * to list all spells.
Aiming: Sandblast (safe; 0% risk of failure)
Press: ? - help, Shift-Dir - straight line The blast of sand hits something!
Something hits you.
* * * LOW HITPOINT WARNING * * *
Unknown command.
Casting: Sandblast (safe; 0% risk of failure)
Confirm with . or Enter, or press ? or * to list all spells.
Aiming: Sandblast (safe; 0% risk of failure)
Press: ? - help, Shift-Dir - straight line Something hits you but does no damage.
Casting: Sandblast (safe; 0% risk of failure)
Confirm with . or Enter, or press ? or * to list all spells.
Aiming: Sandblast (safe; 0% risk of failure)
Press: ? - help, Shift-Dir - straight line Something hits you but does no damage. x2
Casting: Sandblast (safe; 0% risk of failure)
Confirm with . or Enter, or press ? or * to list all spells.
Aiming: Sandblast (safe; 0% risk of failure)
Press: ? - help, Shift-Dir - straight line The blast of sand hits something!
Something hits you.
* * * LOW HITPOINT WARNING * * *
Something hits you.
* * * LOW HITPOINT WARNING * * *
Something hits you but does no damage.
Casting: Sandblast (safe; 0% risk of failure)
Confirm with . or Enter, or press ? or * to list all spells.
Aiming: Sandblast (safe; 0% risk of failure)
Press: ? - help, Shift-Dir - straight line Something hits you but does no damage.
Unknown command.
Casting: Sandblast (safe; 0% risk of failure)
Confirm with . or Enter, or press ? or * to list all spells.
Aiming: Sandblast (safe; 0% risk of failure)
Press: ? - help, Shift-Dir - straight line Something hits you!
You die...

### __# ._# )## ..#
..# #'#
..#+###############
..#..~~~'.#)'...@.#
..#.#~~~#.#)#...##.#
..'.#.§§#.#.#...#
#.#
..#.#..§#...#...#
#.#
▓▓▓▓▓▓▓▓▓▓▓▓▓▓▓▓#
#.# #.# #.# ##


There were no monsters in sight!

Vanquished Creatures
  Snorg (D)
  A centaur warrior (D)
  A deep elf pyromancer (D)
  An unseen horror (D)
  A shadow (D)
  A spatial vortex (D)
  2 centaurs (D)
  An earth elemental (D)
  A water elemental (D)
  A necrophage (D)
  A jelly (D)
  Jessica (D)
  A wizard (D)
  A necromancer (D)
  A kobold demonologist (D)
  3 humans (D)
  A wolf (D)
  An endoplasm (D)
  A rat (D)
22 creatures vanquished.

Notes
Turn   | Place    | Note
-------+----------+-------------------------------------------
     0 | D        | mhtbhm the Gargoyle Earth Elementalist began the quest for
                  | the Orb.
     0 | D        | Reached XP level 1. HP: 10/10 MP: 3/3
     8 | D        | Reached skill level 4 in Earth Magic
    41 | D        | Noticed Jessica
    45 | D        | Killed Jessica
    46 | D        | Reached skill level 6 in Earth Magic
    46 | D        | Reached XP level 2. HP: 15/15 MP: 0/6
    46 | D        | Reached XP level 3. HP: 19/19 MP: 0/8
   122 | D        | Learned a level 2 spell: Passwall
   126 | D        | Learned a level 3 spell: Stone Arrow
   370 | D        | Reached skill level 7 in Earth Magic
   370 | D        | Reached XP level 4. HP: 17/24 MP: 7/10
   462 | D        | Learned a level 4 spell: Petrify
   467 | D        | Noticed a water elemental
   474 | D        | Killed a water elemental
   475 | D        | Reached skill level 5 in Spellcasting
   475 | D        | Reached skill level 1 in Transmutations
   475 | D        | Reached skill level 8 in Earth Magic
   475 | D        | Reached XP level 5. HP: 5/28 MP: 1/12
   733 | D        | Found a radiant altar of Vehumet.
   733 | D        | Found a shimmering blue altar of Sif Muna.
   733 | D        | Found an ancient bone altar of Kikubaaqudgha.
   735 | D        | Reached skill level 9 in Earth Magic
   749 | D        | Became a worshipper of Vehumet
   755 | D        | Learned a level 4 spell: Sticky Flame
   769 | D        | Found a basalt altar of Yredelemnul.
   769 | D        | Found a shadowy altar of Dithmenos.
   769 | D        | Found a sacrificial altar of Ru.
   774 | D        | Reached skill level 10 in Earth Magic
   774 | D        | Reached XP level 6. HP: 32/32 MP: 7/15
   831 | D        | Found a glowing silver altar of Zin.
   831 | D        | Found a glowing golden altar of the Shining One.
   831 | D        | Found a white marble altar of Elyvilon.
   831 | D        | Noticed a deep elf pyromancer
   841 | D        | Killed a deep elf pyromancer
   841 | D        | Reached * piety under Vehumet
   841 | D        | Offered knowledge of Freeze by Vehumet.
   842 | D        | Reached skill level 5 in Stealth
   842 | D        | Reached skill level 1 in Conjurations
   842 | D        | Reached skill level 13 in Earth Magic
   842 | D        | Reached XP level 7. HP: 3/36 MP: 7/19
  1109 | D        | Found a hide-covered altar of Uskayaw.
  1109 | D        | Found an iron altar of Okawaru.
  1109 | D        | Found a bloodstained altar of Trog.
  1109 | D        | Found an ornate altar of the Wu Jian Council.
  1109 | D        | Noticed a human
  1109 | D        | Noticed a human
  1111 | D        | Killed a human
  1114 | D        | Killed a human
  1115 | D        | Reached skill level 10 in Spellcasting
  1115 | D        | Reached XP level 8. HP: 38/41 MP: 17/22
  1149 | D        | Noticed a shadow
  1153 | D        | Killed a shadow
  1153 | D        | Offered knowledge of Foxfire by Vehumet.
  1153 | D        | Reached ** piety under Vehumet
  1154 | D        | Reached skill level 14 in Earth Magic
  1360 | D        | Found a blossoming altar of Fedhas.
  1360 | D        | Found a stormy altar of Qazlal.
  1360 | D        | Found a snail-covered altar of Cheibriados.
  1360 | D        | Found a burning altar of Makhleb.
  1360 | D        | Found a shimmering altar of Xom.
  1361 | D        | Found a hazy altar of Hepliaklqana.
  1361 | D        | Found an opulent altar of Gozag.
  1361 | D        | Found a sparkling altar of Nemelex Xobeh.
  1361 | D        | Found a corrupted altar of Lugonu.
  1361 | D        | Found a viscous altar of Jiyva.
  1440 | D        | Noticed Snorg
  1496 | D        | Killed Snorg
  1497 | D        | Reached skill level 15 in Earth Magic
  1497 | D        | Reached XP level 9. HP: 28/45 MP: 19/25
  1621 | D        | Offered knowledge of Poisonous Vapours by Vehumet.
  1908 | D        | Noticed a centaur warrior
  1914 | D        | Reached *** piety under Vehumet
  1920 | D        | Killed a centaur warrior
  1920 | D        | Offered knowledge of Dazzling Flash by Vehumet.
  1921 | D        | Reached skill level 16 in Earth Magic
  2109 | D        | Killed an unseen horror
  2120 | D        | HP: 2/45 [something (5)]
  2122 | D        | Slain by an unseen horror

Illustrated notes

Levels and vault maps discovered:
D:        dungeon_sprint_mu [sprint_mu_entry_cave, sprint_mu_temple_rooms,
          sprint_mu_d1_horrors, sprint_mu_d2_genie, sprint_mu_d3_branching,
          sprint_mu_orc_legion, sprint_mu_elf_gauntlet, sprint_mu_hive_nellie,
          sprint_mu_lair_fedhas, sprint_mu_vaults_butterflies,
          sprint_mu_slime_circle, sprint_mu_shoals_kraken,
          sprint_mu_snake_twists, sprint_mu_blade_basic,
          sprint_mu_crypt_fortress, sprint_mu_tomb_spiral,
          sprint_mu_vestibule_basic, sprint_mu_gehenna_hellfire,
          sprint_mu_dis_giant, sprint_mu_tartarus_statrot,
          sprint_mu_cocytus_islands, sprint_mu_zot1]

Skill      XL: |  1  2  3  4  5  6  7  8  9 |
---------------+----------------------------+-----
Earth Magic    | 6 7 8 10 13 15 16 | 16.9
Dodging        | 2 3 4 |  4.9
Stealth        | 3 4 5 6 |  6.1
Spellcasting   | 3 4 5 6 9 10 12 13 | 13.3
Transmutations | 1 2 |  2.0
Conjurations   | 1 3 4 |  4.9
Fighting       | |  0.1
Evocations     | |  0.7

Action                   |  1- 3 |  4- 6 |  7- 9 || total
-------------------------+-------+-------+-------++-------
 Cast: Sandblast         |    12 |    14 |    28 ||    54
       Stone Arrow       |       |     4 |    22 ||    26
       Petrify           |       |       |     2 ||     2
Evoke: Phantom mirror    |       |       |     1 ||     1
  Use: Potion            |       |     1 |     5 ||     6
Armor: Robe              |     1 |       |    26 ||    27
Dodge: Dodged            |     1 |     5 |    19 ||    25

Table legend: (Time is in decaauts)
 A = Elapsed time spent in this place.
 B = Non-inter-level travel time spent in this place.
 C = Inter-level travel time spent in this place.
 D = Time resting spent in this place.
 E = Time spent auto-exploring this place.
 F = Levels seen in this place.
 G = Mean time per level.
                   A        B        C        D        E       F      G
               +--------+--------+--------+--------+--------+-----+--------+
         Total |   2136 |   2136 |      0 |   1739 |     15 |   1 | 2136.0 |
       Dungeon |   2136 |   2136 |      0 |   1739 |     15 |   1 | 2136.0 |
               +--------+--------+--------+--------+--------+-----+--------+

Top non-repeatable levels by time:
       D: 2136 daAuts
